 Dungeon Crawl Stone Soup version 0.30-a0-920-g7493c07aab (webtiles) character file.

Game seed: 16945436357071277607

1711661 dunno567 the Conqueror (level 26, 249/438 HPs)
             Began as a Pale Draconian Transmuter on Mar 21, 2023.
             Was the Champion of Wu Jian.
             Escaped with the Orb
             ... and 3 runes on Mar 22, 2023!
             The game lasted 03:10:05 (67306 turns).

dunno567 the Conqueror (Pale Draconian Transmuter) Turns: 67306, Time: 03:10:06

Health: 249/438    AC: 22    Str: 29    XL:     26   Next: 89%
Magic:  54/54      EV: 21    Int: 29    God:    Wu Jian [******]
Gold:   2532       SH:  0    Dex: 15    Spells: 14/61 levels left

rFire   . . .      SeeInvis +    A - melded +6 Majin-Bo {spellvamp, MP+6 Int+6}
rCold   + + +      Faith    .    (shield currently unavailable)
rNeg    + . .      Spirit   .    (body armour unavailable)
rPois   +          Reflect  .    F - melded +2 hat {Int+3}
rElec   .          Rampage  .    n - melded +4 dragonskin cloak
rCorr   .                        Z - melded +2 pair of gloves
Will    ++...                    T - melded +2 pair of boots {Fly}
Stlth   +                        X - amulet of the Butterfly {Contam +Inv rC++ Regen+ MP+9}
HPRegen 1.73/turn                i - ring of Olar {EV+5 Int+5}
MPRegen 0.34/turn                E - ring of Fitin {rPois rC+ rN+ Str+6}

@: dragon-form, flying, studying 3 skills
A: dragon claw, dragon scales, flying, boosted hp, breathe steam, AC +12, giant,
unfitting armour, (cold-blooded), steam resistance, (beak), thin skeletal
structure 1, see invisible, strong-willed 1, robust 1, subdued magic 1
0: Orb of Zot
}: 3/15 runes: barnacled, silver, gossamer
a: Breathe Steam, End Transformation, Renounce Religion, Evoke Invisibility,
Wall Jump, Serpent's Lash, Heavenly Storm


You escaped.
You worshipped Wu Jian.
Wu Jian was exalted by your worship.
You were a fearsome steam dragon!
You visited 11 branches of the dungeon, and saw 51 of its levels.
You visited the Abyss 1 time.
You also visited: Sewer and Wizlab.

You collected 8805 gold pieces.
You spent 6273 gold pieces at shops.

Inventory:

Hand Weapons
 A - the +6 Majin-Bo (melded) {spellvamp, MP+6 Int+6}
   (You found it on level 2 of the Depths)

   Int:       It affects your intelligence (+6).
   MP:        It affects your magic capacity (+6).
Armour
 k - the +2 shield of Resistance {rF++ rC++ Will++}
   (You found it on level 2 of the Vaults)

   rF:        It greatly protects you from fire.
   rC:        It greatly protects you from cold.
   Will:      It greatly increases your willpower.
 n - the +4 dragonskin cloak (melded)
   (You took it off Tiamat on level 2 of the Realm of Zot)

   Avatar's Aegis: It grants the wearer a chance to resist fire, cold, poison,
   electricity, acid, and negative energy.
 F - a +2 hat of intelligence (melded)
 T - a +2 pair of boots of flying (melded)
 Z - a +2 pair of gloves (melded)
Jewellery
 i - the ring of Olar (left foreclaw) {EV+5 Int+5}
   (You bought it in a shop on level 5 of the Dungeon)

   [ring of evasion]

   EV:        It affects your evasion (+5).
   Int:       It affects your intelligence (+5).
 m - a ring of resist corrosion
 q - a ring of fire
 t - the amulet of Moderation {Acrobat rPois rN+++ rCorr Stlth-}
   (You found it on level 2 of the Realm of Zot)

   [amulet of the acrobat]

   It increases your evasion while moving and waiting.
   rPois:     It protects you from poison.
   rN:        It renders you almost immune to negative energy.
   rCorr:     It protects you from acid and corrosion.
   Stlth:     It makes you less stealthy.
 E - the ring of Fitin (right foreclaw) {rPois rC+ rN+ Str+6}
   (You bought it in a shop on level 7 of the Dungeon)

   [ring of strength]

   Str:       It affects your strength (+6).
   rC:        It protects you from cold.
   rPois:     It protects you from poison.
   rN:        It protects you from negative energy.
 I - the ring of Yqeoze {rN+ Int+3 Slay+4 SInv}
   (You found it on level 2 of the Realm of Zot)

   [ring of slaying]

   Int:       It affects your intelligence (+3).
   Slay:      It affects your accuracy & damage with ranged weapons and melee
   (+4).
   rN:        It protects you from negative energy.
   SInv:      It lets you see invisible.
 J - a ring of willpower
 X - the amulet of the Butterfly (around neck) {Contam +Inv rC++ Regen+ MP+9}
   (You took it off an orc on level 15 of the Dungeon)

   [amulet of regeneration]

   rC:        It greatly protects you from cold.
   MP:        It affects your magic capacity (+9).
   +Inv:      It lets you turn invisible.
   Contam:    It causes magical contamination when unequipped.
   Regen:     It increases your rate of health regeneration.
Wands
 B - a wand of mindburst (17)
 H - a wand of flame (126)
 P - a wand of acid (53)
 S - a wand of digging (25)
 U - a wand of polymorph (21)
 V - a wand of paralysis (27)
 W - a wand of iceblast (43)
Scrolls
 e - 4 scrolls of summoning
 g - 5 scrolls of blinking
 j - 7 scrolls of enchant weapon
 o - 8 scrolls of poison
 r - 32 scrolls of teleportation
 u - 8 scrolls of brand weapon
 v - 3 scrolls of enchant armour
 x - 12 scrolls of fear
 y - 4 scrolls of silence
 D - 4 scrolls of magic mapping
 G - 14 scrolls of amnesia
 L - 6 scrolls of fog
Potions
 a - 9 potions of haste
 b - 9 potions of brilliance
 c - 5 potions of might
 d - 35 potions of curing
 f - 9 potions of flight
 h - 3 potions of mutation
 l - 11 potions of invisibility
 p - 2 potions of berserk rage
 s - 6 potions of cancellation
 w - 10 potions of lignification
 C - 2 potions of resistance
 K - 8 potions of attraction
 M - 5 potions of ambrosia
 Q - 5 potions of magic
Miscellaneous
 R - a condenser vane


   Skills:
 O Level 27 Fighting
 + Level 18.2 Dodging
 * Level 23.0 Unarmed Combat
 + Level 18.2 Spellcasting
 - Level 3.0 Hexes
 + Level 25.1 Transmutations
 - Level 3.0 Ice Magic


You had 14 spell levels left.
You knew the following spells:

 Your Spells              Type           Power      Damage    Failure   Level
a - Beastly Appendage     Tmut           100%       N/A       0%          1
b - Wereblood             Tmut           93%        N/A       0%          2
c - Spider Form           Tmut/Pois      66%        N/A       0%          3
d - Ice Form              Ice/Tmut       70%        N/A       1%          4
e - Yara's Violent Unrav  Hex/Tmut       35%        3d14      1%          5
f - Dragon Form           Tmut           46%        N/A       1%          7
g - Passwall              Tmut/Erth      55%        N/A       0%          2
h - Statue Form           Tmut/Erth      44%        N/A       1%          6
i - Eringya's Noxious Bo  Tmut/Pois      33%        N/A       1%          6
j - Swiftness             Air            20%        N/A       3%          3
k - Ozocubu's Armour      Ice            33%        N/A       1%          3
l - Blade Hands           Tmut           46%        N/A       0%          5

Your spell library contained the following spells:

 Spells                   Type           Power      Damage    Failure   Level
 Freeze                   Ice            100%       1d10      1%          1
 Kiss of Death            Conj/Necr      80%        2d11      1%          1
 Magic Dart               Conj           80%        1d7       1%          1
 Necrotise                Necr           80%        1d8       1%          1
 Sandblast                Erth           40%        2d10      1%          1
 Call Imp                 Summ           20%        N/A       1%          2
 Cigotuvi's Dreadful Rot  Necr/Pois/Air  40%        N/A       1%          2
 Ensorcelled Hibernation  Hex/Ice        66%        N/A       1%          2
 Lesser Beckoning         Tloc           40%        N/A       1%          2
 Momentum Strike          Conj/Tloc      40%        3d9       1%          2
 Scorch                   Fire           40%        2d7       1%          2
 Searing Ray              Conj           40%        2d5       1%          2
 Sublimation of Blood     Necr           20%        N/A       1%          2
 Confusing Touch          Hex            33%        N/A       1%          3
 Frozen Ramparts          Ice            66%        1d10      1%          3
 Hailstorm                Conj/Ice       27%        3d7       1%          3
 Inner Flame              Hex/Fire       27%        N/A       1%          3
 Portal Projectile        Hex/Tloc       54%        N/A       1%          3
 Alistair's Intoxication  Tmut/Pois      44%        N/A       1%          5
 Irradiate                Conj/Tmut      33%        3d22      1%          5
 Gell's Gravitas          Tloc           20%        N/A       3%          3
 Kindle Blastsparks       Fire/Tloc/Air  40%        2d13      3%          3
 Mephitic Cloud           Conj/Pois/Air  20%        N/A       3%          3
 Stone Arrow              Conj/Erth      40%        3d9       3%          3
 Teleport Other           Tloc           20%        N/A       3%          3
 Vampiric Draining        Necr           20%        2d7       3%          3
 Cause Fear               Hex            16%        N/A       3%          4
 Fulminant Prism          Conj/Hex       13%        3d9       7%          4
 Summon Ice Beast         Ice/Summ       27%        N/A       7%          4
 Metabolic Englaciation   Hex/Ice        16%        N/A       11%         5
 Animate Dead             Necr           20%        N/A       13%         4
 Dispel Undead            Necr           20%        3d11      13%         4
 Flame Wave               Conj/Fire      20%        2d7       13%         4
 Iskenderun's Mystic Bla  Conj/Tloc      20%        2d6       13%         4
 Olgreb's Toxic Radiance  Pois           20%        N/A       13%         4
 Sticky Flame             Conj/Fire      20%        2d4       13%         4
 Silence                  Hex/Air        13%        N/A       21%         5
 Summon Mana Viper        Hex/Summ       27%        N/A       21%         5
 Agony                    Necr           20%        N/A       36%         5
 Borgnjor's Vile Clutch   Necr/Erth      10%        N/A       36%         5
 Fireball                 Conj/Fire      10%        3d6       36%         5
 Lee's Rapid Deconstruct  Erth           10%        3d8*      36%         5
 Simulacrum               Ice/Necr       13%        N/A       77%         6
 Death Channel            Necr           10%        N/A       92%         6
 Dispersal                Tloc           10%        N/A       92%         6
 Iron Shot                Conj/Erth      10%        9d3       92%         6
 Summon Cactus Giant      Summ           10%        N/A       92%         6
 Enfeeble                 Hex            16%        N/A       98%         7
 Ozocubu's Refrigeration  Ice            16%        4d11      98%         7
 Haunt                    Necr/Summ      10%        N/A       100%        7
 Monstrous Menagerie      Summ           10%        N/A       100%        7
 Summon Hydra             Summ           10%        N/A       100%        7
 Discord                  Hex            16%        N/A       100%        8
 Ignition                 Fire           10%        3d5       100%        8
 Infestation              Necr           10%        N/A       100%        8
 Lehudib's Crystal Spear  Conj/Erth      10%        10d4      100%        8
 Shatter                  Erth           10%        3d11*     100%        9
 Animate Armour           Summ/Erth      Unusable   N/A       N/A         4

Dungeon Overview and Level Annotations

Branches:
Dungeon (15/15)            Temple (1/1) D:7            Lair (5/5) D:8
 Shoals (4/4) Lair:3       Spider (4/4) Lair:3        Slime (0/5) Lair:5
    Orc (2/2) D:11            Elf (3/3) Orc:2        Vaults (5/5) D:13
  Crypt (3/3) Vaults:2       Tomb (0/3) Crypt:3      Depths (4/4) D:15
    Zot (5/5) Depths:4      Sewer (visited)          WizLab (visited)

Altars:
Ashenzari
Cheibriados
Dithmenos
Elyvilon
Fedhas
Gozag
Hepliaklqana
Kikubaaqudgha
Makhleb
Nemelex Xobeh
Okawaru
Qazlal
Ru
Sif Muna
Trog
Uskayaw
Vehumet
Wu Jian
Xom
Yredelemnul
Zin
The Shining One
Jiyva
Lugonu

Shops:
D:5 ?=(   D:7 **   D:8 [   D:10 ![   D:11 [   Orc:2 :([([   Shoals:1 *!
Shoals:2 *   Shoals:3 *   Shoals:4 [   Vaults:4 [   Vaults:5 ?!?!?
Depths:3 *!

Portals:
Hell: Depths:1 Depths:2 Depths:3 Depths:4
Abyss: Depths:3
Pandemonium: Depths:2
Ziggurat: Depths:4

Annotations:
D:14 2 transporters, Waicych's ghost, journeyman GrEE
Elf:3 6 transporters
Depths:1 1 transporter
Depths:4 4 exclusions


Innate Abilities, Weirdness & Mutations

You are a fearsome steam dragon!
You have a powerful clawing attack.
Your giant scaled body is strong and resiliant, but less evasive.
Your breath weapon is enhanced in this form.
You are flying.
Your maximum health is greatly increased.
Your armour is entirely melded.
You are incapable of wielding weapons or throwing items.
You can breathe blasts of scalding, opaque steam.
Your pale cyan-grey scales are hard. (AC +12)
You cannot fit into any form of body armour.
((You are cold-blooded and may be slowed by cold attacks.))
You are immune to the effects of steam.
((You have a beak for a mouth.))
You have a somewhat thin skeletal structure. (Dex +2, Stealth+)
You have supernaturally acute eyesight. (SInv)
You are strong-willed. (Will+)
You are robust. (+10% HP)
Your spells are a little easier to cast, but a little less powerful.


Message History

The floor, spattered with blood.
Your muscles tense, ready for explosive movement...
You spin and attack the Brimstone Fiend repeatedly, with incredible momentum.
You maul the Brimstone Fiend!!!
You feel a bit better.
You kill the Brimstone Fiend!
The Council accepts your kill.
You lunge with incredible momentum at Biumit, in a flurry of attacks.
You maul Biumit!!!!
You feel a bit better.
You kill Biumit!
The Council accepts your kill.
Your supernatural speed expires.
You feel much better. The small abomination hits you.
* * * LOW HITPOINT WARNING * * *
Unknown command.
You spin and attack the small abomination repeatedly.
You maul the small abomination!!!
You feel a bit better.
You destroy the small abomination!
The Council accepts your kill.
You are confused.
You feel invigorated.
You roar as the wereblood boils in your veins!
You feel much better.
You feel much better.
You feel much better.
You feel less invigorated.
You feel less confused.
Your primal bloodlust has ended.
You are confused.
You feel invigorated.
You feel much better.
You feel much better.
You feel less invigorated.
You feel less confused.
A Hell Sentinel comes into view.
You feel less exhausted.
There is a stone staircase leading up here.
You fly upwards.
There is a stone staircase leading down here.
There is a large open door here.
There is a staircase leading out of the dungeon here.
You can't go down here!
You have escaped!

#.......###......#........##...
#.......P#######....##.......##
#....♣P.P# ##.........####
#....♣...#♣#######......#.##
#......♣.#..'.P###.........###
#........#P.#.PP###..........##
##.......####..♣####...##.##..#
#...P.P...#...♣#♣P#...##.#####
##...♣.♣...'..DP#P.'...##.#
###...P......'...♣#P['......#####
...........P.#P).P#♣P#.#.##......
...........####..P####.#.####....
........♣P.#.P#.♣P###.##.#######)
####.....♣.#♣.'.P###.............
.......♣...#P#######.#.#.##......
.......P...## ##....#.##.#####
...........#######..####.##.# #


There were no monsters in sight!

Vanquished Creatures
  4 dread liches
  Tiamat (Zot:2)
  6 orbs of fire (Zot:5)
  4 ancient liches
  The ghost of Juotwih the Slayer, a legendary KoFi of Okawaru (Zot:2)
  Sojobo (Depths:1)
  4 pandemonium lords
  7 Killer Klowns (Zot:5)
  Saint Roka (Crypt:1)
  Vv (Depths:2)
  2 caustic shrikes
  A curse toe (Zot:5)
  10 golden dragons
  A Tzitzimitl (D:14)
  A Brimstone Fiend (D:2)
  The ghost of gengaozo the Cloud Mage, an adept TeAE of Ashenzari (Vaults:3)
  2 Hell Sentinels
  A walking crystal tome (Depths:3)
  5 electric golems
  13 tentacled monstrosities
  A walking earthen tome (Depths:3)
  4 deep elf blademasters
  28 Orb Guardians
  5 quicksilver dragons
  5 titans (Vaults:5)
  3 deep elf master archers (Elf:3)
  2 walking divine tomes (Depths:2)
  A kraken (Shoals:4)
  Asterion (Elf:3)
  3 ancient champions
  2 Executioners
  7 death cobs
  18 storm dragons
  7 sphinxes
  16 shadow dragons
  9 tengu reavers
  Roxanne (Shoals:4)
  4 revenants
  4 draconian knights
  7 deep elf sorcerers
  6 emperor scorpions
  20 vault wardens
  10 fire giants
  8 frost giants
  6 ghost moths
  11 draconian monks
  9 draconian scorchers
  4 iron dragons
  6 draconian shifters
  3 curse skulls
  A quicksilver ooze (shapeshifter) (Depths:3)
  3 orc warlords
  2 deep elf elementalists (Elf:3)
  7 ghouls
  6 draconian stormcallers
  15 stone giants
  22 very ugly things
  3 reapers
  4 war gargoyles
  10 draconian annihilators
  8 ironbound thunderhulks
  A broodmother (Spider:3)
  15 ironbound preservers
  16 purple draconians
  15 green draconians
  19 vampire knights
  14 red draconians
  6 deep elf annihilators
  15 black draconians
  16 yellow draconians
  5 dire elephants
  10 white draconians
  10 spark wasps
  3 deep elf demonologists
  9 deep elf death magi
  11 ettins
  3 blizzard demons
  2 crystal guardians
  3 eidola
  3 green deaths
  8 jiangshi
  7 fire dragons
  4 merfolk javelineers (Shoals:4)
  6 merfolk impalers
  Fannar (D:11)
  Josephine (D:10)
  7 ice dragons
  7 entropy weavers
  4 deep elf high priests
  8 rakshasas
  13 yaktaur captains
  6 great orbs of eyes
  2 spriggan air magi
  3 hydras
  A spriggan zombie (Crypt:3)
  44 vault guards
  2 peacekeepers
  7 ogre magi
  4 radroaches
  4 boulder beetles
  4 hell beasts
  10 ironbound frosthearts
  7 merfolk aquamancers
  12 centaur warriors
  A catoblepas (Lair:5)
  4 alligator snapping turtles
  21 dancing weapons
  3 satyrs (Shoals:4)
  4 tengu warriors
  10 deep troll earth magi
  3 death knights
  2 hell hogs (Depths:1)
  30 two-headed ogres
  8 deep troll shamans
  8 vampire magi
  8 death yaks
  A bennu skeleton (Crypt:1)
  4 soul eaters
  2 spriggans (Depths:3)
  8 spriggan berserkers
  Sonja (D:11)
  17 deep elf knights
  12 hell knights
  3 skysharks
  A storm dragon zombie (Vaults:5)
  3 sun demons (Depths:1)
  The ghost of emiel the Ogre Mage, a novice OgEE (D:7)
  Nergalle (Lair:2)
  7 iron trolls
  3 pharaoh ants
  A skyshark (shapeshifter) (Depths:3)
  4 sun moths
  53 deep trolls
  A sea snake (shapeshifter) (Vaults:5)
  11 sea snakes
  A glowing orange brain (Depths:1)
  An iron giant zombie (Crypt:2)
  7 orb spiders
  45 skeletal warriors
  5 wizards
  An anaconda skeleton (Crypt:3)
  A golden dragon skeleton (Crypt:3)
  8 steelbarb worms
  A spriggan simulacrum (Crypt:3)
  3 flayed ghosts
  A lindwurm (shapeshifter) (Elf:3)
  3 anaconda zombies (Crypt:3)
  An obsidian statue (Zot:5)
  2 bunyip skeletons (Crypt:3)
  16 deep elf archers
  2 shadow dragon zombies (Crypt:3)
  14 ironbound convokers
  A broodmother zombie (Crypt:3)
  10 lindwurms
  10 orc knights
  27 phantasmal warriors
  21 deep elf pyromancers
  26 deep elf zephyrmancers
  An iron dragon zombie (Vaults:5)
  17 wolf spiders
  A shadow dragon skeleton (Crypt:1)
  17 harpies
  8 necromancers
  A mana viper (shapeshifter) (Vaults:4)
  13 manticores
  A manticore (shapeshifter) (Elf:1)
  15 fauns
  A stone giant zombie (Crypt:3)
  31 ugly things
  6 cyclopes
  A wolf spider zombie (Crypt:2)
  2 orc sorcerers
  A goliath frog skeleton (Crypt:1)
  A moth of wrath (shapeshifter) (Depths:2)
  An elephant (shapeshifter) (Depths:2)
  26 elephants
  A frost giant zombie (Crypt:2)
  A salamander (shapeshifter) (D:14)
  An orange demon (D:9)
  2 black mambas
  12 vault sentinels
  26 moths of wrath
  7 demonic crawlers
  A dire elephant zombie (Crypt:3)
  10 cane toads
  2 water nymphs (Shoals:4)
  5 merfolk sirens
  An alligator snapping turtle zombie (Crypt:3)
  A smoke demon (Depths:1)
  9 torpor snails
  2 gargoyles
  A guardian serpent (shapeshifter) (Elf:1)
  Maggie (Lair:2)
  An eye of devastation (shapeshifter) (Vaults:4)
  A rime drake (Lair:4)
  2 freezing wraiths
  41 yaktaurs
  A kobold demonologist (D:12)
  An efreet (D:13)
  An unseen horror (shapeshifter) (Elf:3)
  A hellion (Depths:1)
  3 tengu conjurers
  2 tormentors
  12 komodo dragons
  4 guardian mummies (Crypt:3)
  A red draconian skeleton (Crypt:2)
  2 harpy zombies (Crypt:3)
  24 merfolk
  Grinder (D:6)
  A mana viper skeleton (Crypt:3)
  8 wind drakes
  8 meliai
  4 polar bears
  14 tarantellas
  4 hornets
  10 trolls
  A hornet (shapeshifter) (D:15)
  A hydra skeleton (Crypt:2)
  A tarantella (shapeshifter) (Depths:2)
  8 snapping turtles
  An ettin zombie (Crypt:3)
  3 harpy skeletons
  11 dream sheep
  8 blink frogs
  A great orb of eyes zombie (Crypt:2)
  16 slime creatures
  24 jumping spiders
  A dream sheep (shapeshifter) (D:14)
  An air elemental (Elf:3)
  Sigmund (D:3)
  A shadow (D:12)
  A centaur simulacrum (D:10)
  11 water elementals
  2 ettin skeletons (Crypt:3)
  21 wraiths
  11 culicivoras
  4 vampires (WizLab)
  Eustachio (D:4)
  49 yaks
  3 wyverns
  3 basilisks
  A basilisk (shapeshifter) (Vaults:5)
  A human (shapeshifter) (D:15)
  2 fire elementals (Elf:3)
  48 redbacks
  4 chaos spawn
  3 steam dragons
  4 vampire mosquitoes
  Menkaure (D:6)
  An acid dragon (D:13)
  A harpy simulacrum (D:14)
  4 two-headed ogre zombies (WizLab)
  A cane toad zombie (Crypt:1)
  4 wargs
  3 floating eyes
  Duvessa (D:6)
  10 water moccasins
  27 orc warriors
  2 sky beasts
  4 ice beasts
  Pargi (Sewer)
  3 black bears
  5 boggarts (Vaults:1)
  37 ogres
  14 centaurs
  14 wolves
  A yaktaur zombie (Crypt:3)
  3 kobold brigands
  A human zombie (Vaults:5)
  3 scorpions
  11 bullfrogs
  An earth elemental (Elf:3)
  2 necrophages
  2 gnoll sergeants
  15 wights
  4 small abominations
  Dowan (D:6)
  11 killer bees
  7 troll zombies (WizLab)
  A shapeshifter skeleton (Crypt:3)
  A spriggan skeleton (Crypt:2)
  2 electric eels (Spider:1)
  6 howler monkeys
  4 crimson imps (D:9)
  5 hounds
  10 orc priests
  4 gnoll boudas
  3 jellies
  A basilisk skeleton (Crypt:2)
  Ijyb (D:3)
  2 sleepcaps
  A black bear skeleton (Crypt:3)
  5 iguanas
  11 orc wizards
  5 ogre zombies (WizLab)
  A boggart simulacrum (D:15)
  15 gnolls
  7 adders
  2 white imps (D:5)
  An ufetubus (D:4)
  An iguana zombie (Crypt:2)
  2 worms
  2 dart slugs
  77 orcs
  10 bats
  2 bat skeletons
  8 endoplasms
  6 giant cockroaches
  5 goblins
  6 hobgoblins
  2 jackals (D:5)
  13 kobolds
  2 quokkas
  8 ball pythons
  8 frilled lizards
  A frilled lizard zombie (Crypt:1)
  28 rats
  A rat skeleton (Crypt:1)
  A bush (Shoals:3)
  A tentacle (Shoals:4)
2239 creatures vanquished.

Vanquished Creatures (collateral kills)
  Jorgrun (Shoals:3)
  An alligator snapping turtle (Shoals:3)
  A sea snake (Shoals:3)
  A snapping turtle (Shoals:3)
4 creatures vanquished.

Vanquished Creatures (others)
  2 tentacled monstrosities
  A draconian knight (Zot:3)
  2 deep elf knights (Elf:2)
  A steelbarb worm (Spider:4)
  An orc (D:11)
  A bush (Shoals:3)
  15 fungi
  32 plants
  5 tentacles (Shoals:4)
60 creatures vanquished.

Grand Total: 2303 creatures vanquished

Notes
Turn   | Place    | Note
-------+----------+-------------------------------------------
     0 | D:1      | dunno567 the Draconian Transmuter began the quest for the
                  | Orb.
     0 | D:1      | Reached XP level 1. HP: 16/16 MP: 3/3
   111 | D:1      | Reached XP level 2. HP: 20/23 MP: 3/5
   188 | D:1      | Learned a level 2 spell: Wereblood
   818 | D:2      | Reached XP level 3. HP: 25/28 MP: 1/6
  1593 | D:2      | Found a faded altar of an unknown god.
  1874 | D:3      | Reached XP level 4. HP: 36/36 MP: 3/7
  2051 | D:3      | Noticed Ijyb
  2063 | D:3      | Killed Ijyb
  2064 | D:3      | Reached skill level 2 in Fighting
  2609 | D:3      | Noticed Sigmund
  2620 | D:3      | Killed Sigmund
  2621 | D:3      | Reached XP level 5. HP: 17/42 MP: 7/9
  2621 | D:3      | Reached XP level 6. HP: 21/50 MP: 7/10
  3031 | D:4      | Reached skill level 3 in Fighting
  3048 | D:4      | Your scales start taking on a pale cyan-grey colour.
  3048 | D:4      | Reached XP level 7. HP: 57/57 MP: 10/12
  3048 | D:4      | Gained mutation: You are immune to the effects of steam.
                  | [Pale Draconian growth]
  3156 | D:4      | Noticed Eustachio
  3403 | D:4      | Killed Eustachio
  3404 | D:4      | Reached skill level 5 in Transmutations
  3689 | D:4      | Identified the ring "Qyntu" {Ice rElec Str+4 Int-4 Stlth+}
  3749 | D:4      | Learned a level 3 spell: Spider Form
  3789 | D:4      | Reached skill level 4 in Fighting
  4117 | D:5      | Entered Level 5 of the Dungeon
  4122 | D:5      | Found Ruugh's Antique Weapon Shoppe.
  4184 | D:5      | Found a glowing drain.
  4188 | Sewer    | Entered a sewer
  4224 | Sewer    | Noticed Pargi
  4236 | Sewer    | Killed Pargi
  4237 | Sewer    | Reached XP level 8. HP: 65/66 MP: 13/13
  4448 | D:5      | Identified the +5 long sword of Orghit {flame, rF+ Will+}
  4462 | D:5      | Learned a level 4 spell: Ice Form
  4703 | D:5      | Found Muchos's Magic Scroll Boutique.
  4732 | D:5      | Bought a scroll of identify for 24 gold pieces
  4732 | D:5      | Bought a scroll of identify for 24 gold pieces
  4732 | D:5      | Bought a scroll of identify for 24 gold pieces
  4732 | D:5      | Bought a scroll of identify for 24 gold pieces
  4853 | D:5      | Found Hasil's Jewellery Shop.
  4984 | D:5      | Reached skill level 5 in Unarmed Combat
  5287 | D:6      | Noticed Duvessa
  5287 | D:6      | Noticed Dowan
  5297 | D:6      | Killed Duvessa
  5298 | D:6      | Reached skill level 5 in Fighting
  5308 | D:6      | Killed Dowan
  5778 | D:6      | Noticed Menkaure
  5785 | D:6      | Killed Menkaure
  5786 | D:6      | Reached XP level 9. HP: 74/74 MP: 14/16
  5791 | D:6      | Found a sacrificial altar of Ru.
  5873 | D:6      | Noticed Grinder
  5893 | D:6      | Killed Grinder
  5894 | D:6      | Reached skill level 1 in Ice Magic
  6517 | D:7      | Found Ifogusk's Neck Hole.
  6528 | D:7      | Reached skill level 5 in Dodging
  6528 | D:7      | Reached skill level 5 in Spellcasting
  6568 | D:7      | Found a transporter.
  6573 | D:7      | Found a transporter.
  6574 | D:7      | Noticed emiel's ghost (novice OgEE)
  6618 | D:7      | Found a shimmering blue altar of Sif Muna.
  6678 | D:7      | Found Ciujo Cesopn's Assorted Antiques.
  6686 | D:7      | Bought a fuming puce potion for 31 gold pieces
  6686 | D:7      | Bought a faintly glowing ivory ring for 175 gold pieces
  6686 | D:7      | Identified the ring of Fitin {rPois rC+ rN+ Str+6} (You
                  | bought it in a shop on level 7 of the Dungeon)
  6860 | D:7      | Found a staircase to the Ecumenical Temple.
  6924 | Temple   | Entered the Ecumenical Temple
  7136 | Temple   | Became a worshipper of the Wu Jian Council
  7213 | D:7      | Reached skill level 6 in Fighting
  7387 | D:7      | Noticed a komodo dragon
  7783 | D:8      | Found Goicziv's Armour Shop.
  7947 | D:8      | Found a staircase to the Lair.
  8001 | D:8      | Reached * piety under Wu Jian
  8201 | D:8      | Found a white marble altar of Elyvilon.
  8417 | D:9      | Reached XP level 10. HP: 84/84 MP: 18/18
  8590 | D:9      | Noticed a two-headed ogre
  8598 | D:9      | Killed a two-headed ogre
  8748 | D:9      | Found a shimmering altar of Xom.
  8779 | D:9      | Found a radiant altar of Vehumet.
  9001 | D:9      | Found a stormy altar of Qazlal.
  9012 | D:9      | Reached skill level 7 in Fighting
  9037 | D:9      | Reached ** piety under Wu Jian
  9548 | D:10     | Entered Level 10 of the Dungeon
  9688 | D:10     | Noticed a gargoyle
  9700 | D:10     | Killed a gargoyle
  9864 | D:10     | Noticed Josephine
  9934 | Lair:1   | Entered Level 1 of the Lair of Beasts
  9987 | Lair:1   | Noticed a cane toad
 10013 | D:8      | Killed a cane toad
 10014 | D:8      | Reached XP level 11. HP: 92/92 MP: 20/20
 10062 | D:8      | Reached skill level 10 in Transmutations
 10286 | Lair:1   | Identified the amulet of the Monkey {Acrobat rPois rF+}
 10335 | Lair:1   | Reached skill level 8 in Fighting
 11183 | Lair:1   | Learned a level 5 spell: Yara's Violent Unravelling
 11283 | Lair:2   | Reached skill level 1 in Hexes
 11509 | Lair:2   | Noticed Nergalle
 11521 | Lair:2   | Killed Nergalle
 11696 | Lair:2   | Reached *** piety under Wu Jian
 12031 | Lair:2   | Reached XP level 12. HP: 103/103 MP: 19/23
 12201 | Lair:2   | Noticed Maggie
 12208 | Lair:2   | Killed Maggie
 13112 | Lair:3   | Found a staircase to the Shoals.
 13139 | Lair:3   | Reached skill level 9 in Fighting
 13399 | Lair:3   | Found a hole to the Spider Nest.
 14328 | Lair:4   | Noticed a death yak
 14328 | Lair:4   | Noticed a death yak
 14329 | Lair:4   | Noticed a death yak
 14341 | Lair:4   | Killed a death yak
 14348 | Lair:4   | Noticed a death yak
 14349 | Lair:4   | Killed a death yak
 14357 | Lair:4   | Killed a death yak
 14360 | Lair:4   | Killed a death yak
 14576 | Lair:4   | Reached **** piety under Wu Jian
 15163 | D:7      | Bought a scarf of resistance for 480 gold pieces
 15291 | Lair:5   | Entered Level 5 of the Lair of Beasts
 15324 | Lair:5   | Found a staircase to the Slime Pits.
 15325 | Lair:5   | Found a viscous altar of Jiyva.
 15431 | Lair:5   | Identified a scroll of acquirement
 15432 | Lair:5   | Acquired the Omnibus of Changes and Cryomancy
 15442 | Lair:5   | Learned a level 7 spell: Dragon Form
 15462 | Lair:5   | Reached XP level 13. HP: 113/113 MP: 4/25
 15472 | Lair:5   | Reached skill level 10 in Fighting
 15798 | Lair:5   | Reached skill level 10 in Unarmed Combat
 16060 | Lair:5   | Noticed a dire elephant
 16064 | Lair:5   | Killed a dire elephant
 16615 | D:10     | Reached ***** piety under Wu Jian
 16626 | D:10     | Identified the +9 rapier "Tudahi" {antimagic, rN++}
 16727 | D:10     | Found Loammuengo's Armour Shoppe.
 16764 | D:10     | Reached skill level 11 in Fighting
 16833 | D:10     | Killed Josephine
 16834 | D:10     | Reached XP level 14. HP: 124/124 MP: 17/27
 16915 | D:10     | Found Gaiblepp's Distillery.
 16923 | D:10     | Bought a potion of heal wounds for 60 gold pieces
 16923 | D:10     | Bought a potion of invisibility for 96 gold pieces
 16923 | D:10     | Bought a potion of magic for 96 gold pieces
 17064 | D:10     | Found a sparkling altar of Nemelex Xobeh.
 17219 | D:11     | Found a staircase to the Orcish Mines.
 17325 | D:11     | Found Wilihy's Antique Armour Emporium.
 17354 | D:11     | Noticed Fannar
 17362 | D:11     | Killed Fannar
 17408 | D:11     | Noticed Sonja
 17413 | D:11     | Killed Sonja
 18757 | D:12     | Found a sacrificial altar of Ru.
 19030 | D:13     | Reached skill level 12 in Fighting
 19057 | D:13     | Reached skill level 10 in Spellcasting
 19078 | D:13     | Found a gate to the Vaults.
 19085 | D:13     | Reached skill level 10 in Dodging
 19090 | D:13     | Reached skill level 15 in Transmutations
 20336 | D:14     | Found a transporter.
 20359 | D:14     | Noticed Waicych's ghost (journeyman GrEE)
 20551 | D:14     | Identified the +0 scale mail of the Game of Kings {rElec
                  | rF- rN++ Stlth+}
 20635 | D:14     | You are sucked into a shaft and drop 1 floor!
 20635 | D:15     | Entered Level 15 of the Dungeon
 20641 | D:15     | Reached ****** piety under Wu Jian
 20642 | D:15     | Reached XP level 15. HP: 134/134 MP: 22/29
 20648 | D:15     | Identified the amulet of the Butterfly {Contam +Inv rC++
                  | Regen+ MP+9}
 20775 | D:14     | Found a transporter.
 20815 | D:14     | Found an ancient bone altar of Kikubaaqudgha.
 21091 | D:14     | Reached skill level 13 in Fighting
 21945 | D:15     | Found a staircase to the Depths.
 22380 | D:7      | Killed emiel's ghost
 22391 | D:7      | Paralysed by a hornet for 3 turns
 22572 | Orc:1    | Entered Level 1 of the Orcish Mines
 23052 | Orc:2    | Entered Level 2 of the Orcish Mines
 23052 | Orc:2    | Found a staircase to the Elven Halls.
 23115 | Orc:2    | Paralysed by an orc sorcerer for 2 turns
 23253 | Orc:2    | Reached skill level 14 in Fighting
 23258 | Orc:2    | Paralysed by something for 5 turns
 23310 | Orc:2    | Found Xoaxiosi's Armour Shop.
 23772 | Orc:2    | Found Cetussy's Antique Armour Shoppe.
 23772 | Orc:2    | Found Mydelamm's Weapon Boutique.
 23773 | Orc:2    | Found Itrah's Book Shop.
 23773 | Orc:2    | Found Unamnant's Weapon Shoppe.
 24156 | D:5      | Bought the ring of Olar {EV+5 Int+5} for 642 gold pieces
 24337 | Spider:1 | Entered Level 1 of the Spider Nest
 24354 | Spider:1 | Reached XP level 16. HP: 147/147 MP: 31/31
 25899 | Spider:3 | Reached skill level 15 in Fighting
 26540 | Spider:3 | Got Jyrghon's Spellbook of the Fairies and Erosion
 26667 | Spider:3 | Acquired 1103 gold pieces
 26935 | Spider:4 | Entered Level 4 of the Spider Nest
 27921 | Spider:4 | Reached XP level 17. HP: 158/158 MP: 32/32
 27932 | Spider:4 | Reached skill level 16 in Fighting
 28446 | Spider:4 | Identified the +0 pair of boots of the Solemn God {rF-
                  | rN+++ Will- SInv}
 28466 | Spider:4 | Got a gossamer rune of Zot
 28793 | Shoals:1 | Entered Level 1 of the Shoals
 29094 | Shoals:1 | Found Vibbyasymp's Assorted Antiques.
 29199 | Shoals:1 | Found Hetafum's Distillery.
 29208 | Shoals:1 | Identified the +7 trident of Vuraul {speed, rF+ rN+ rCorr}
 29216 | Shoals:1 | Bought a potion of curing for 51 gold pieces
 29216 | Shoals:1 | Bought a potion of heal wounds for 85 gold pieces
 29216 | Shoals:1 | Bought a potion of curing for 51 gold pieces
 29216 | Shoals:1 | Bought a potion of curing for 51 gold pieces
 29216 | Shoals:1 | Bought 3 potions of haste for 510 gold pieces
 29216 | Shoals:1 | Bought a potion of haste for 170 gold pieces
 29216 | Shoals:1 | Bought 3 potions of might for 204 gold pieces
 29543 | Shoals:2 | Found Axid's Assorted Antiques.
 29606 | Shoals:2 | Bought a fizzy red potion for 22 gold pieces
 29606 | Shoals:2 | Bought a scroll of identify for 50 gold pieces
 29606 | Shoals:2 | Bought a scroll of summoning for 237 gold pieces
 29606 | Shoals:2 | Bought a scroll of teleportation for 75 gold pieces
 29606 | Shoals:2 | Bought a scroll of teleportation for 75 gold pieces
 30461 | Shoals:3 | Noticed Jorgrun
 30485 | Shoals:3 | Killed Jorgrun
 30787 | Shoals:3 | Found Wuuthilo's Overcharged Wands.
 30968 | Shoals:3 | Identified the +1 animal skin of Horaet {Str+6}
 31360 | Shoals:4 | Entered Level 4 of the Shoals
 31581 | Shoals:4 | Found Xoas's Antique Armour Shop.
 31596 | Shoals:4 | Reached skill level 17 in Fighting
 31607 | Shoals:4 | Identified Roxanne's Textbook on Metamorphosis
 31607 | Shoals:4 | Noticed Roxanne
 31609 | Shoals:4 | Found the ring of the Tortoise {AC+8}
 31614 | Shoals:4 | Killed Roxanne
 32069 | Shoals:4 | Bought a pair of spiked gloves for 313 gold pieces
 32069 | Shoals:4 | Identified the +1 pair of gloves "Xovveg" {rPois SInv} (You
                  | bought it in a shop on level 4 of the Shoals)
 32125 | Shoals:4 | Reached XP level 18. HP: 63/170 MP: 34/34
 32130 | Shoals:4 | Got a barnacled rune of Zot
 32436 | Shoals:4 | Identified the staff of poison "Yshrue" {Contam rPois rF+
                  | Str+8 Int-4}
 33504 | Vaults:1 | Entered Level 1 of the Vaults
 34169 | Vaults:1 | Paralysed by a great orb of eyes for 2 turns
 34545 | Vaults:1 | Identified the +2 scale mail of the Flute {-Tele Will++}
 34593 | Vaults:1 | Reached skill level 18 in Fighting
 35267 | Vaults:2 | Found the +2 shield of Resistance {rF++ rC++ Will++}
 35801 | Vaults:2 | Found a staircase to the Crypt.
 36360 | Vaults:3 | Reached XP level 19. HP: 180/180 MP: 36/36
 37044 | Vaults:3 | Found a transporter.
 37047 | Vaults:3 | Found a bloodstained altar of Trog.
 37056 | Vaults:3 | Noticed gengaozo's ghost (adept TeAE)
 37077 | Vaults:3 | Found a transporter.
 37370 | Vaults:3 | Reached skill level 19 in Fighting
 37656 | Vaults:3 | Identified the +10 mace of Hyucu {freeze, rN+}
 38190 | Vaults:4 | Found Xitaheq's Armour Shoppe.
 38481 | Vaults:4 | Paralysed by a great orb of eyes for 5 turns
 39002 | Vaults:4 | Reached skill level 15 in Unarmed Combat
 39213 | Elf:1    | Entered Level 1 of the Elven Halls
 39812 | Elf:1    | Identified the +0 robe "Xetoshun" {Int+3}
 39839 | Elf:1    | Reached XP level 20. HP: 193/193 MP: 36/37
 40396 | Elf:2    | Found a runed translucent gate.
 40397 | Elf:2    | Found a runed translucent gate.
 40397 | Elf:2    | Found a runed translucent gate.
 40443 | Elf:2    | Reached skill level 20 in Fighting
 40727 | Elf:3    | Entered Level 3 of the Elven Halls
 40730 | Elf:3    | Noticed Asterion
 40737 | Elf:3    | Killed Asterion
 40789 | Elf:3    | Found a transporter.
 40798 | Elf:3    | Found a transporter.
 41372 | Elf:3    | Found a transporter.
 41378 | Elf:3    | Found a transporter.
 41384 | Elf:3    | Paralysed by an air elemental for 1 turns
 41462 | Elf:3    | Found a transporter.
 41469 | Elf:3    | Found a transporter.
 41944 | Abyss:3  | Cast into level 3 of the Abyss (a deep elf sorcerer)
 41945 | Abyss:3  | Found a corrupted altar of Lugonu.
 41948 | Elf:3    | Escaped the Abyss
 41975 | Elf:3    | Identified the +7 scale mail of Seing {Regen+ MP+9 Str+2}
 42328 | Elf:3    | Found the +5 demon whip "Spellbinder" {antimagic, disrupt,
                  | Will+}
 42330 | Elf:3    | Identified the +4 trident "Dragonbane" {holy, *Noise rF+
                  | rC++ rN+}
 42342 | Elf:3    | Identified the +4 mace of Gozag's Reproof {pain, Fragile
                  | rPois rCorr Str-5}
 42343 | Elf:3    | Identified the +7 long sword of Punishment {freeze, rElec
                  | rF+ MP+9}
 42353 | Elf:3    | Identified the +10 hand axe of Beaczo Kim {freeze, *Slow
                  | rPois Dex-4 SInv}
 42813 | Crypt:1  | Entered Level 1 of the Crypt
 42813 | Crypt:1  | Noticed Saint Roka
 42835 | Crypt:1  | Killed Saint Roka
 43745 | Crypt:2  | Identified the +1 ring mail of Kas Zoes {rPois rF++ Will-
                  | rCorr}
 43981 | Crypt:2  | Reached XP level 21. HP: 196/196 MP: 39/39
 44578 | Crypt:3  | Entered Level 3 of the Crypt
 44661 | Crypt:3  | Reached skill level 21 in Fighting
 44795 | Crypt:3  | Found a staircase to the Tomb.
 44860 | Crypt:3  | Found a magical portal.
 44892 | WizLab   | Entered Zonguldrok's Shrine
 45055 | WizLab   | Noticed an antique lich
 45056 | WizLab   | Found the +9 sword of Zonguldrok {reap}
 45064 | WizLab   | Killed an antique lich
 45715 | Crypt:3  | Found an ancient bone altar of Kikubaaqudgha.
 46050 | Crypt:3  | Paralysed by something for 3 turns
 46634 | Crypt:3  | Learned a level 2 spell: Passwall
 46641 | Crypt:3  | Learned a level 6 spell: Statue Form
 46648 | Crypt:3  | Learned a level 6 spell: Eringya's Noxious Bog
 46898 | Depths:1 | Entered Level 1 of the Depths
 47077 | Depths:1 | Found a glowing golden altar of the Shining One.
 47136 | Depths:1 | Identified the +6 longbow of Liokk {freeze, Fragile rElec
                  | rF+ Will+}
 47165 | Depths:1 | Found a transporter.
 47585 | Depths:1 | Noticed Sojobo
 47587 | Depths:1 | Found a gateway to Hell.
 47590 | Depths:1 | Reached skill level 15 in Dodging
 47720 | Depths:1 | Reached skill level 15 in Spellcasting
 47730 | Depths:1 | Reached XP level 22. HP: 213/213 MP: 41/41
 47736 | Depths:1 | Killed Sojobo
 47905 | Depths:1 | Identified the +1 arbalest "Beasch" {freeze, rPois rN++
                  | Int-5 Stlth+}
 48287 | Depths:2 | Noticed Vv
 48293 | Depths:2 | Killed Vv
 48294 | Depths:2 | Reached skill level 22 in Fighting
 48473 | Depths:2 | Found a one-way gate leading to the halls of Pandemonium.
 48758 | Depths:2 | Found a runed translucent door.
 48759 | Depths:2 | Found a runed translucent door.
 48760 | Depths:2 | Found a runed translucent door.
 49006 | Depths:2 | Paralysed by a floating eye for 3 turns
 49013 | Depths:2 | Paralysed by a floating eye for 3 turns
 49223 | Depths:2 | Noticed a caustic shrike
 49229 | Depths:2 | Killed a caustic shrike
 49243 | Depths:2 | Found the +6 Majin-Bo {spellvamp, MP+6 Int+6}
 49263 | Depths:2 | Identified the +9 morningstar of the Rescuing Gods {flame,
                  | Contam rN++ Int+3 Dex+4}
 49602 | Depths:3 | Found an opulent altar of Gozag.
 49602 | Depths:3 | Found Gozag's Platinum Reserve.
 49962 | Depths:3 | Noticed a caustic shrike
 49968 | Depths:3 | Killed a caustic shrike
 50339 | Depths:3 | Noticed a golden dragon
 50344 | Depths:3 | Killed a golden dragon
 50389 | Depths:3 | Found Kaobil's Distillery.
 50465 | Depths:3 | Bought 2 potions of curing for 108 gold pieces
 50465 | Depths:3 | Bought a potion of heal wounds for 90 gold pieces
 50465 | Depths:3 | Bought a potion of curing for 54 gold pieces
 50465 | Depths:3 | Bought a potion of haste for 180 gold pieces
 50465 | Depths:3 | Bought a potion of invisibility for 144 gold pieces
 50473 | Depths:3 | You are sucked into a shaft and drop 1 floor!
 50473 | Depths:4 | Entered Level 4 of the Depths
 50495 | Depths:4 | Reached XP level 23. HP: 86/224 MP: 6/42
 51099 | Depths:4 | Reached skill level 23 in Fighting
 51291 | Depths:4 | Found a one-way gateway to a ziggurat.
 51555 | Depths:3 | Found a corrupted altar of Lugonu.
 51555 | Depths:3 | Found a one-way gate to the infinite horrors of the Abyss.
 51763 | Depths:3 | Got the Excursus on Coruscating Misery
 51764 | Depths:3 | Identified the staff of fire "Qaixy" {rElec rF+ rC+ Str+3}
 52069 | Depths:4 | Found a gate to the Realm of Zot.
 53872 | D:7      | Bought a scroll of blinking for 262 gold pieces
 53872 | D:7      | Bought a potion of curing for 105 gold pieces
 53872 | D:7      | Bought a potion of curing for 105 gold pieces
 53968 | D:11     | Bought a pair of faintly glowing boots for 304 gold pieces
 53968 | D:11     | Identified the +2 pair of boots "Feklegh" {+Blink rC+ Str+2
                  | Slay-6} (You bought it in a shop on level 11 of the
                  | Dungeon)
 54341 | Vaults:5 | Entered Level 5 of the Vaults
 54353 | Vaults:5 | Noticed a dread lich
 54368 | Vaults:4 | Killed a dread lich
 55159 | Vaults:5 | Identified the +12 flail of Cyroet {speed, Str+7 SInv
                  | Stlth-}
 55177 | Vaults:5 | Reached XP level 24. HP: 237/237 MP: 39/43
 55374 | Vaults:5 | Reached skill level 24 in Fighting
 55552 | Vaults:5 | Identified the +1 robe of Hiyrarchoph {rC- Will++}
 55673 | Vaults:5 | Noticed a dread lich
 55673 | Vaults:5 | Paralysed by a dread lich for 4 turns
 55679 | Vaults:5 | Killed a dread lich
 55705 | Vaults:5 | Noticed a dread lich
 55719 | Vaults:5 | Killed a dread lich
 56042 | Vaults:5 | Found Losan's Magic Scroll Emporium.
 56091 | Vaults:5 | Bought a scroll of teleportation for 48 gold pieces
 56133 | Vaults:5 | Found Ruov's Distillery.
 56138 | Vaults:5 | Bought a potion of invisibility for 160 gold pieces
 56138 | Vaults:5 | Bought a potion of heal wounds for 100 gold pieces
 56138 | Vaults:5 | Bought a potion of invisibility for 160 gold pieces
 56145 | Vaults:5 | Found Oxas's Magic Scroll Boutique.
 56150 | Vaults:5 | Bought a scroll of blinking for 142 gold pieces
 56150 | Vaults:5 | Bought a scroll of fear for 76 gold pieces
 56150 | Vaults:5 | Bought a scroll of teleportation for 57 gold pieces
 56176 | Vaults:5 | Found Igulauff's Distillery.
 56209 | Vaults:5 | Bought a potion of invisibility for 128 gold pieces
 56209 | Vaults:5 | Bought 2 potions of resistance for 320 gold pieces
 56209 | Vaults:5 | Bought a potion of heal wounds for 80 gold pieces
 56209 | Vaults:5 | Bought a potion of heal wounds for 80 gold pieces
 56293 | Vaults:5 | Found Turonir's Magic Scroll Shop.
 56435 | Vaults:5 | Got Sif Muna's Vademecum on Heated Relocation
 56484 | Vaults:5 | Got a silver rune of Zot
 57614 | Zot:1    | Entered Level 1 of the Realm of Zot
 58920 | Zot:2    | Found the +3 Mad Mage's Maulers {Infuse+∞ VampMP -Cast}
 58997 | Zot:2    | Noticed Juotwih's ghost (legendary KoFi)
 59952 | Vaults:3 | Reached XP level 25. HP: 248/248 MP: 34/43
 59952 | Vaults:3 | Killed gengaozo's ghost
 59955 | Vaults:3 | Reached skill level 25 in Fighting
 60046 | Vaults:3 | Learned a level 3 spell: Swiftness
 60734 | Zot:2    | Found a runed translucent door.
 60758 | Zot:2    | Found a transporter.
 61094 | Zot:2    | Found a transporter.
 61535 | Zot:2    | Killed Juotwih's ghost
 61610 | Zot:2    | Got Bech's Secrets of the Lithosphere
 61863 | Zot:2    | Gained mutation: You occasionally shout uncontrollably at
                  | your foes. [mutagenic glow]
 61882 | Zot:2    | Gained mutation: You are weak. (Str -2) [mutagenic glow]
 62015 | Zot:2    | Identified the amulet of Moderation {Acrobat rPois rN+++
                  | rCorr Stlth-}
 62028 | Zot:2    | Identified the ring of Yqeoze {rN+ Int+3 Slay+4 SInv}
 62661 | Zot:3    | Found the +4 dragonskin cloak
 62661 | Zot:3    | Noticed Tiamat
 62931 | Zot:2    | Lost mutation: You occasionally shout uncontrollably at
                  | your foes. [potion of mutation]
 62931 | Zot:2    | Lost mutation: You are weak. (Str -2) [potion of mutation]
 62931 | Zot:2    | Gained mutation: Potions are less effective at restoring
                  | your health. [potion of mutation]
 62931 | Zot:2    | Lost mutation: Potions are less effective at restoring your
                  | health. [potion of mutation]
 62931 | Zot:2    | Gained mutation: You expend magic power (3 MP) to
                  | strengthen your wands. [potion of mutation]
 62931 | Zot:2    | Gained mutation: You have a beak for a mouth. [potion of
                  | mutation]
 63528 | Zot:2    | Killed Tiamat
 65056 | Zot:5    | Entered Level 5 of the Realm of Zot
 65516 | Zot:5    | Noticed a dread lich
 65522 | Zot:5    | Killed a dread lich
 65523 | Zot:5    | Reached skill level 26 in Fighting
 65524 | Zot:5    | Noticed an ancient lich
 65525 | Zot:5    | Noticed a Killer Klown
 65530 | Zot:5    | Killed an ancient lich
 65531 | Zot:5    | Noticed an orb of fire
 65531 | Zot:5    | Noticed a Killer Klown
 65532 | Zot:5    | Noticed a Killer Klown
 65537 | Zot:5    | Killed a Killer Klown
 65537 | Zot:5    | Killed an orb of fire
 65537 | Zot:5    | Reached XP level 26. HP: 261/261 MP: 44/44
 65549 | Zot:5    | Gained mutation: Your spells are a little easier to cast,
                  | but a little less powerful. [mutagenic glow]
 65550 | Zot:5    | Noticed an orb of fire
 65552 | Zot:5    | Noticed an orb of fire
 65553 | Zot:5    | Noticed an ancient lich
 65558 | Zot:5    | Gained mutation: You are vulnerable to heat. (rF-) [an orb
                  | of fire]
 65561 | Zot:5    | Killed an orb of fire
 65561 | Zot:5    | Gained mutation: You are frail. (-10% HP) [an orb of fire]
 65564 | Zot:5    | Killed an ancient lich
 65564 | Zot:5    | Killed an orb of fire
 65572 | Zot:5    | Gained mutation: You occasionally lose the ability to read
                  | scrolls when taking damage. [mutagenic glow]
 65588 | Zot:5    | Gained mutation: You are clumsy. (Dex -2) [mutagenic glow]
 65788 | Zot:4    | Lost mutation: You are frail. (-10% HP) [potion of
                  | mutation]
 65788 | Zot:4    | Lost mutation: You are vulnerable to heat. (rF-) [potion of
                  | mutation]
 65788 | Zot:4    | Gained mutation: You have supernaturally acute eyesight.
                  | (SInv) [potion of mutation]
 65788 | Zot:4    | Gained mutation: You are robust. (+10% HP) [potion of
                  | mutation]
 65789 | Zot:4    | Lost mutation: You expend magic power (3 MP) to strengthen
                  | your wands. [potion of mutation]
 65789 | Zot:4    | Lost mutation: You occasionally lose the ability to read
                  | scrolls when taking damage. [potion of mutation]
 65789 | Zot:4    | Gained mutation: Your body sometimes deteriorates upon
                  | taking damage. [potion of mutation]
 65790 | Zot:4    | Lost mutation: Your body sometimes deteriorates upon taking
                  | damage. [potion of mutation]
 65790 | Zot:4    | Lost mutation: You are clumsy. (Dex -2) [potion of
                  | mutation]
 65790 | Zot:4    | Gained mutation: You are strong-willed. (Will+) [potion of
                  | mutation]
 65790 | Zot:4    | Gained mutation: You have a somewhat thin skeletal
                  | structure. (Dex +2, Stealth+) [potion of mutation]
 65828 | Zot:4    | Learned a level 3 spell: Ozocubu's Armour
 65961 | Zot:5    | Noticed an ancient lich
 65961 | Zot:5    | Noticed an orb of fire
 65964 | Zot:5    | Killed an orb of fire
 65968 | Zot:5    | Noticed an orb of fire
 65968 | Zot:5    | Noticed an orb of fire
 65969 | Zot:5    | Killed an ancient lich
 65978 | Zot:5    | Killed an orb of fire
 65980 | Zot:5    | Killed an orb of fire
 66344 | Zot:5    | Learned a level 5 spell: Blade Hands
 66432 | Zot:5    | Got the Orb of Zot
 66507 | Zot:5    | Noticed Reicsape the pandemonium lord
 66511 | Zot:5    | Killed Reicsape the pandemonium lord
 66521 | Zot:4    | Noticed Etisoan the pandemonium lord
 66531 | Zot:4    | Killed Etisoan the pandemonium lord
 66632 | Depths:4 | Noticed Upuscheg the pandemonium lord
 66635 | Depths:4 | Killed Upuscheg the pandemonium lord
 66912 | D:14     | Reached skill level 27 in Fighting
 67268 | D:2      | Noticed Biumit the pandemonium lord
 67273 | D:2      | HP: 11/438 [drowned by Biumit the pandemonium lord (23)]
 67274 | D:2      | Killed Biumit the pandemonium lord
 67306 | D:$      | Escaped with the Orb!

Illustrated notes

Levels and vault maps discovered:
D:1:      denvon_arrival_planthouse, layout_rooms
D:2:      minmay_inner_zag, layout_basic, basic_ecumenical_altar,
          minmay_misc_feat_doors, guppyfry_early_lair_pool
D:3:      layout_loops_ring, minmay_rat_hole, uniq_sigmund, uniq_ijyb
D:4:      layout_loops_ring, kennysheep_dice, uniq_eustachio
D:5:      layout_rooms, serial_shops, shop, kennysheep_mini, shop,
          gup_sewer_entry_bowl, minmay_stone_trees_small, nrook_pool_corridor,
          minmay_stone_trees_large
D:6:      layout_loops_cross, mainiacjoe_overflow_catwalk, patterned_corridor,
          uniq_duvessa, uniq_menkaure, uniq_grinder
D:7:      layout_basic, kennysheep_little_box,
          minmay_temple_entry_drinking_statues, nzn_ghost_randoct, serial_shops,
          shop, serial_bayou_pond_a, nicolae_shop_sticking_my_neck_out
D:8:      layout_rooms, nicolae_elyvilon_temple_path, lair_entry_dummy,
          serial_shops, shop, minmay_misc_feat_square
D:9:      layout_irregular_city, lemuel_tele_altar, led_xom_imps,
          vehumet_altar_wand_db
D:10:     layout_roguey, nemelex_altar_shiori, serial_shops, shop,
          nicolae_shop_statue_plus, serial_glass, glass_columns_a,
          glass_columns_c, glass_columns_a, uniq_josephine
D:11:     layout_cave_pools, orc_0_dummy, special_room [special_room_orc],
          serial_shops, shop, wad_floor_pattern_untrapped, uniq_fannar,
          uniq_sonja
D:12:     layout_loops_ring, nicolae_ru_awakened_eye
D:13:     layout_basic, erik_vaults_2
D:14:     layout_basic, gammafunk_ghost_stat_death,
          nicolae_kikubaaqudgha_miasma_corner, minmay_lindwurm_lava
D:15:     hangedman_depths_entry_try_elsewhere_first, layout_rooms,
          gauntlet_entry_generic
Temple:   regret_index_temple_generic_petals
Lair:1:   layout_gridlike
Lair:2:   layout_small_grid, chequers_serial_rivers_micro_d, grunt_megastairs_4,
          uniq_maggie, uniq_nergalle
Lair:3:   layout_layer_cave, elwin_shoals_entry_rocks,
          hellmonk_spider_entry_not_the_bees
Lair:4:   layout_hall_layers, nicolae_quartered_pool_medium,
          infiniplex_staircase_pool
Lair:5:   grunt_lair_end_beastmaster, layout_hall_layers, slime_entry_1,
          chequers_serial_rivers_micro_c
Shoals:1: layout_shoals, serial_shops, shop, shop
Shoals:2: layout_shoals, serial_shops, nicolae_shop_statue_plus
Shoals:3: argonaut_golden_fleece, layout_shoals, nicolae_shop_overcharged_wands,
          uniq_jorgrun
Shoals:4: shoals_end_grunt_ice, layout_shoals, serial_shops, shop, uniq_roxanne
Spider:1: layout_spider_delve
Spider:2: layout_spider_delve
Spider:3: layout_spider_delve
Spider:4: grunt_spider_rune_island
Orc:1:    layout_caves
Orc:2:    st_orc_ogre_mass, layout_caves, basic_altar, serial_shops, shop,
          hellmonk_bongcloud_opening
Elf:1:    nicolae_elf_arrival_fired_up, layout_rooms, hangedman_corner_corridor,
          lemuel_upstairs_altar
Elf:2:    nicolae_elf_blades_crystal_corner, layout_loops_cross,
          dreamdust_deal_with_the_devil
Elf:3:    minmay_elf_hall_statues, layout_loops_corners, solitary_fountain,
          serial_nicolae_subway, nicolae_sub_station_stone,
          nicolae_sub_station_metal, nicolae_sub_station_crystal, uniq_asterion
Vaults:1: hangedman_vaults_trim, v_misc_22, v_misc_2, nicolae_vaults_what_the_h,
          nicolae_vaults_lopsided_apartments, v_misc_27, vaults_dpeg_cross,
          ontoclasm_vaults_ligature, nicolae_vaults_mini_display_case,
          v_rooms_3, nicolae_vaults_little_squares_4, layout_vaults_ring
Vaults:2: vaults_room_corners, v_misc_14, nicolae_vaults_yaktaur_gun_rack,
          minmay_crypt_entry_simple_round, ontoclasm_vaults_eye,
          nicolae_vaults_hallways_thing, nicolae_vaults_diagonal_hallway_8,
          hangedman_vaults_trim, v_misc_11, vaults_dpeg_hooks,
          nicolae_vaults_specimen_jars, layout_vaults_chaotic_city
Vaults:3: gammafunk_ghost_wrathful_warriors, vaults_room_pool,
          vaults_room_door_ring, v_misc_16, hangedman_vaults_capsules,
          v_misc_12, serial_ice_h, grunt_vaults_diagonal,
          ontoclasm_vaults_gateway, layout_vaults_omnigrid
Vaults:4: ontoclasm_vaults_idyll, v_misc_16, ontoclasm_vaults_twist,
          vaults_room_pools, nicolae_vaults_shelves_hall, v_alt_pattern_2,
          v_misc_28, hangedman_vaults_snaps, v_pattern_3, v_misc_12,
          serial_ice_m, layout_vaults_omnibox, serial_shops, shop_statue
Vaults:5: serial_shops
Crypt:1:  layout_chaotic_city, serial_glass, glass_columns_a, glass_columns_a,
          glass_columns_b, glass_columns_c, glass_columns_b, glass_columns_b,
          glass_columns_c, glass_columns_b, glass_columns_c, glass_columns_b,
          glass_columns_a, glass_columns_c, glass_columns_a, glass_columns_a,
          due_unseen_surprise, item_on_display_a, grunt_ministairs_13,
          uniq_saint_roka
Crypt:2:  layout_basic
Crypt:3:  church_of_pain_bobbens, layout_chaotic_city,
          tomb_entry_simple_bobbens, infiniplex_enter_wizlab_glasses
Depths:1: layout_honeycomb, hellmouth_2, nicolae_tso_carved_into_rock,
          minmay_door_square, minmay_misc_feat_chi, nicolae_diode_basic,
          uniq_sojobo
Depths:2: minmay_the_grid_triangle_9x9_recursive_3
          [minmay_the_grid_triangle_9x9_swiss_cheese,
          minmay_the_grid_triangle_9x9_limited_checkers,
          minmay_the_grid_triangle_9x9_cache,
          minmay_the_grid_triangle_9x9_prize_schism,
          minmay_the_grid_triangle_9x9_fully_insulated_deathbox,
          minmay_the_grid_triangle_9x9_alien,
          minmay_the_grid_triangle_9x9_minimal,
          minmay_the_grid_triangle_9x9_flanged_cone,
          minmay_the_grid_triangle_9x9_negative_grid], layout_honeycomb,
          hell_entry, rand_demon_pan_entry_3, minmay_strange_pillars,
          minmay_staircase_statues, uniq_vv
Depths:3: minmay_concentric_multi, layout_gridlike,
          nicolae_gozag_zags_fifth_avenue, hell_entry, abyss_entry_flame_altar,
          serial_shops, shop, minmay_checkered_concentric_circles,
          serial_bayou_shore_b, uniq_josephina
Depths:4: grunt_bruiser_brothers, layout_gridlike, enter_ziggurat_d,
          pf_hell_entry_tar_spiral, st_stairs_6
Zot:1:    layout_twisted_circle, grunt_megastairs_3
Zot:2:    gammafunk_its_a_trap, layout_basic, hellmonk_ghost_big_iron,
          skrybe_zot_glass_3
Zot:3:    layout_onion_interference, st_small_dragon_hoard_5, uniq_tiamat
Zot:4:    layout_onion_interference, uniq_parghit
Zot:5:    layout_misc_corridors

Skill      XL: |  1  2  3  4  5  6  7  8  9 10 11 12 13 14 15 16 17 18 19 20 21 22 23 24 25 26 |
---------------+-------------------------------------------------------------------------------+-----
Dodging        | 2 3 4 5 6 7 8 9 10 11 12 13 14 15 16 17 18 | 18.2
Transmutations | 3 4 5 7 8 9 11 12 14 15 16 17 18 19 20 21 22 23 24 25 | 25.1
Fighting       | 2 3 4 5 6 7 8 9 11 12 14 15 17 18 19 20 21 22 23 24 26 27 | 27.0
Spellcasting   | 3 4 5 6 7 8 9 10 11 12 13 14 15 16 17 18 | 18.2
Unarmed Combat | 4 5 6 7 8 9 10 11 12 13 14 15 16 17 18 19 20 21 23 | 23.0
Ice Magic      | 2 3 |  3.0
Hexes          | 2 3 |  3.0

Action                     |  1- 3 |  4- 6 |  7- 9 | 10-12 | 13-15 | 16-18 | 19-21 | 22-24 | 25-27 || total
---------------------------+-------+-------+-------+-------+-------+-------+-------+-------+-------++-------
  Melee: Unarmed           |   121 |   103 |   371 |   479 |   681 |   864 |  1043 |   931 |   594 ||  5187
         Kick              |    17 |     7 |    36 |       |       |       |       |       |       ||    60
         Headbutt          |    11 |     6 |    17 |       |       |       |       |       |       ||    34
         Tailslap          |     7 |     6 |    18 |     1 |    97 |   139 |   190 |   200 |   108 ||   766
         Punch             |     1 |     1 |     4 |       |    38 |    87 |   117 |   123 |   113 ||   484
         Bite              |       |       |       |     2 |    58 |   100 |   157 |   150 |    81 ||   548
         Staff             |       |       |       |       |       |       |       |    33 |    21 ||    54
         Peck              |       |       |       |       |       |       |       |       |     6 ||     6
   Cast: Beastly Appendage |    27 |     9 |    23 |       |       |     3 |       |     2 |     1 ||    65
         Wereblood         |    20 |     9 |    39 |    43 |    54 |    86 |    70 |    49 |    36 ||   406
         Ice Form          |       |       |    27 |    38 |       |       |       |       |       ||    65
         Dragon Form       |       |       |       |     1 |    50 |    88 |    81 |    60 |    47 ||   327
         Yara's Violent Un |       |       |       |       |     6 |       |       |       |       ||     6
         Eringya's Noxious |       |       |       |       |       |       |     1 |       |       ||     1
         Statue Form       |       |       |       |       |       |       |       |     1 |       ||     1
         Blade Hands       |       |       |       |       |       |       |       |       |     1 ||     1
 Invoke: Serpent's Lash    |       |       |       |     1 |     7 |    12 |    10 |    13 |    13 ||    56
         Heavenly Storm    |       |       |       |       |       |       |     1 |       |     1 ||     2
Ability: Lunge             |       |       |     7 |    38 |   100 |   109 |   124 |   108 |    73 ||   559
         End Transformatio |       |       |     1 |     1 |       |       |       |       |     1 ||     3
         Whirlwind         |       |       |       |    94 |   225 |   203 |   205 |   190 |   177 ||  1094
         Breathe Steam     |       |       |       |     1 |       |     3 |     1 |     1 |       ||     6
         Wall Jump         |       |       |       |       |       |     1 |     1 |       |       ||     2
  Evoke: Wand              |       |     2 |       |     9 |       |     1 |     2 |     3 |       ||    17
         Condenser vane    |       |       |       |       |       |     1 |     1 |     2 |     1 ||     5
    Use: Potion            |     1 |     1 |     4 |     2 |     3 |     2 |     2 |     2 |    39 ||    56
         Scroll            |       |     5 |     6 |     8 |     7 |     9 |     3 |     2 |    20 ||    60
   Stab: Sleeping          |     1 |       |       |       |       |       |       |       |       ||     1
         Paralysed         |       |       |       |     3 |       |       |       |       |       ||     3
         Distracted        |       |       |       |       |       |     1 |     2 |       |       ||     3
         Invisible         |       |       |       |       |       |       |       |       |     2 ||     2
 Armour: Skin              |    59 |    50 |   175 |   121 |   231 |   312 |   330 |   289 |   148 ||  1715
  Dodge: Dodged            |    84 |    44 |   220 |   206 |   313 |   648 |   558 |   489 |   323 ||  2885

Table legend: (Time is in decaauts)
 A = Elapsed time spent in this place.
 B = Non-inter-level travel time spent in this place.
 C = Inter-level travel time spent in this place.
 D = Time resting spent in this place.
 E = Time spent auto-exploring this place.
 F = Levels seen in this place.
 G = Mean time per level.
                   A        B        C        D        E       F      G
               +--------+--------+--------+--------+--------+-----+--------+
         Total |  66800 |  59634 |   7166 |   1395 |  46900 |  54 | 1237.0 |
       Dungeon |  17840 |  15101 |   2739 |    467 |  12029 |  15 | 1189.3 |
        Temple |    238 |    212 |     26 |      0 |    198 |   1 |  238.0 |
          Lair |   6507 |   5980 |    527 |      0 |   5067 |   5 | 1301.4 |
        Shoals |   4497 |   4302 |    195 |    163 |   3019 |   4 | 1124.2 |
   Spider Nest |   4568 |   4260 |    308 |      4 |   3499 |   4 | 1142.0 |
  Orcish Mines |   1554 |   1379 |    175 |      0 |   1086 |   2 |  777.0 |
   Elven Halls |   4190 |   3744 |    446 |    148 |   2831 |   3 | 1396.7 |
        Vaults |   8933 |   7997 |    936 |    191 |   6460 |   5 | 1786.6 |
         Crypt |   3180 |   3062 |    118 |      0 |   2365 |   3 | 1060.0 |
        Depths |   6917 |   5589 |   1328 |     20 |   4557 |   4 | 1729.2 |
           Zot |   7581 |   7218 |    363 |    402 |   5466 |   5 | 1516.2 |
         Abyss |      3 |      3 |      0 |      0 |      0 |   1 |    3.0 |
         Sewer |    221 |    221 |      0 |      0 |    141 |   1 |  221.0 |
        Wizlab |    564 |    564 |      0 |      0 |    180 |   1 |  564.0 |
               +--------+--------+--------+--------+--------+-----+--------+

Top non-repeatable levels by time:
   Zot:2: 2465 daAuts
Depths:4: 2324 daAuts
Vaults:5: 2109 daAuts
   Elf:3: 1857 daAuts
Spider:4: 1809 daAuts
Vaults:1: 1771 daAuts
Vaults:3: 1723 daAuts
Vaults:4: 1705 daAuts
Shoals:4: 1703 daAuts
Depths:3: 1682 daAuts
Depths:2: 1669 daAuts
    D:14: 1663 daAuts
Vaults:2: 1625 daAuts
  Lair:3: 1543 daAuts
   Zot:3: 1503 daAuts
